 Dungeon Crawl Stone Soup version 0.29-a0-1023-g6ae1a4a2c7 (webtiles) character file.

Game seed: 13185129457063470259

1468 nickcage the Spear-Bearer (level 8, -2/58 HPs)
             Began as a Merfolk Gladiator on Aug 11, 2022.
             Was an Initiate of Qazlal.
             Slain by a killer bee (8 damage)
             ... on level 6 of the Dungeon.
             The game lasted 00:14:34 (5925 turns).

nickcage the Spear-Bearer (Merfolk Gladiator)       Turns: 5925, Time: 00:14:35

Health: -2/58      AC: 11    Str: 16    XL:     8   Next: 77%
Magic:  8/8        EV:  7    Int: 14    God:    Qazlal [......]
Gold:   285        SH:  4    Dex: 15    Spells: 7/7 levels left

rFire   . . .      SeeInvis .   a - +1 trident
rCold   . . .      Faith    .   y - +0 buckler
rNeg    . . .      Spirit   .   g - +0 chain mail
rPois   .          Reflect  .   c - +1 helmet
rElec   .          Harm     .   (no cloak)
rCorr   .          Rampage  .   s - +0 pair of gloves
Will    .....                   (no boots)
Stlth   ..........              (no amulet)
HPRegen 0.19/turn               l - +6 ring of intelligence
MPRegen 0.11/turn               (no ring)

@: lethally poisoned (-2 -> -9)
A: (nimble swimmer 2), mertail
a: Renounce Religion


You were on level 6 of the Dungeon.
You worshipped Qazlal.
Qazlal was noncommittal.
You visited 2 branches of the dungeon, and saw 7 of its levels.

You collected 285 gold pieces.

Inventory:

Hand Weapons
 a - a +1 trident (weapon)
Missiles
 d - 5 throwing nets
 e - a javelin
 n - 15 poisoned darts
 z - 3 boomerangs (quivered)
Armour
 b - a +0 leather armour
 c - a +1 helmet (worn)
 g - a +0 chain mail (worn)
 s - a +0 pair of gloves (worn)
 y - a +0 buckler (worn)
Jewellery
 l - a +6 ring of intelligence (left hand)
 B - a +6 ring of dexterity
Wands
 o - a wand of polymorph (9)
 D - a wand of digging (6)
Scrolls
 f - 3 scrolls of teleportation
 q - 4 scrolls of enchant armour
 r - a scroll of fear
 x - a scroll of vulnerability {unknown}
 E - a scroll of blinking
 G - a scroll of magic mapping
Potions
 h - 2 potions of magic
 i - a potion of flight {unknown}
 j - a potion of berserk rage {unknown}
 m - a potion of degeneration {unknown}
 p - 2 potions of lignification {unknown}
 t - a potion of mutation {unknown}
 u - 2 potions of brilliance {unknown}
 v - a potion of might {unknown}
 w - 2 potions of heal wounds {unknown}
 A - a potion of haste {unknown}
 C - 2 potions of invisibility {unknown}
 F - a potion of ambrosia {unknown}


   Skills:
 + Level 3.0 Fighting
 + Level 13.4 Polearms
 - Level 2.0 Throwing
 - Level 1.0 Armour
 - Level 4.0 Dodging
 - Level 2.0 Shields


You had 7 spell levels left.
You didn't know any spells.
Your spell library contained the following spells:

 Spells                   Type           Power      Damage    Failure   Level
 Beastly Appendage        Tmut           0%         N/A       100%        1
 Sandblast                Erth           0%         2d4       100%        1
 Passwall                 Tmut/Erth      0%         N/A       100%        2
 Poisonous Vapours        Pois/Air       0%         N/A       100%        2
 Static Discharge         Conj/Air       0%         3-3/arc   100%        2
 Wereblood                Tmut           0%         N/A       100%        2
 Call Canine Familiar     Summ           0%         N/A       100%        3
 Gell's Gravitas          Tloc           0%         N/A       100%        3
 Lesser Beckoning         Tloc           0%         N/A       100%        3
 Portal Projectile        Hex/Tloc       0%         N/A       100%        3
 Spider Form              Tmut/Pois      0%         N/A       100%        3
 Stone Arrow              Conj/Erth      0%         3d7       100%        3
 Teleport Other           Tloc           0%         N/A       100%        3
 Corpse Rot               Necr/Pois/Air  0%         N/A       100%        4
 Hailstorm                Conj/Ice       0%         3d3       100%        4
 Ice Form                 Ice/Tmut       0%         N/A       100%        4
 Leda's Liquefaction      Hex/Erth       0%         N/A       100%        4
 Lightning Bolt           Conj/Air       0%         1d11      100%        5
 Dispersal                Tloc           0%         N/A       100%        6
 Simulacrum               Ice/Necr       0%         N/A       100%        6
 Maxwell's Capacitive Co  Air            0%         ∞         100%        8


Dungeon Overview and Level Annotations

Branches:
Dungeon (6/15)             Temple (1/1) D:5

Altars:
Makhleb
Nemelex Xobeh
Qazlal
Ru
Sif Muna
Trog
Wu Jian
Yredelemnul
Zin

Shops:
D:3 ?[*(   D:6 :


Innate Abilities, Weirdness & Mutations

((You are very nimble when in or above water. (Stealth+, EV+, Speed+++)))
Your lower body shifts to a powerful aquatic tail in water.


Message History

You are more poisoned.
The killer bee poisons you!
You are too injured to fight recklessly!
You are too injured to fight recklessly!
You are too injured to fight recklessly!
You are too injured to fight recklessly!
You are too injured to fight recklessly!
You are too injured to fight recklessly!
You closely miss the killer bee.
You feel very sick. The killer bee barely misses you.
You puncture the killer bee!
The killer bee is heavily wounded.
You feel very sick. You block the killer bee's attack.
The killer bee stings you but does no damage.
You barely miss the killer bee.
The killer bee is moderately wounded.
You feel sick.
The killer bee stings you but does no damage.
You barely miss the killer bee.
The killer bee is moderately wounded.
You feel very sick. The killer bee stings you!
* * * LOW HITPOINT WARNING * * *
You are more poisoned.
The killer bee poisons you!
You feel better. The killer bee closely misses you. The killer bee stings you.
* * * LOW HITPOINT WARNING * * *
You closely miss the killer bee.
The killer bee is moderately wounded.
The killer bee stings you!
* * * LOW HITPOINT WARNING * * *
You are lethally poisoned!
The killer bee poisons you!
You hit the killer bee.
The killer bee is heavily wounded.
* * * LOW HITPOINT WARNING * * *
You feel sick. The killer bee completely misses you. The killer bee stings you!
You die...

#.. ...)...... .## ###
.........##...# ##
..........#..# #.
..?..........###. .##.
................. .<...
##..............##...##.
.................#...#..
.......@....##..........
..##..y†....#...........
.....####...............
#... ##..............
##. ##......##....... #.
#......#...#..... .
##.#..####......# ####.#
#......## ### ###.####


You could see a killer bee.

Vanquished Creatures
  Pikel (D:4)
  A black bear (D:5)
  3 ogres
  A lemure (D:4)
  A kobold brigand (D:6)
  3 scorpions (D:5)
  2 killer bees (D:6)
  A gnoll bouda (D:5)
  3 iguanas (D:5)
  An orc wizard (D:4)
  4 gnolls (D:5)
  6 adders
  A shadow imp (D:5)
  An ufetubus (D:4)
  5 worms
  3 dart slugs
  15 orcs
  7 ball pythons
  8 endoplasms
  5 giant cockroaches
  4 goblins
  8 hobgoblins
  5 quokkas
  5 bats
  4 frilled lizards
  15 kobolds
  3 rats
116 creatures vanquished.

Notes
Turn   | Place    | Note
-------+----------+-------------------------------------------
     0 | D:1      | nickcage the Merfolk Gladiator began the quest for the Orb.
     0 | D:1      | Reached XP level 1. HP: 16/16 MP: 1/1
   201 | D:1      | Reached XP level 2. HP: 22/22 MP: 2/2
   314 | D:1      | Reached skill level 5 in Polearms
   825 | D:2      | Reached XP level 3. HP: 27/27 MP: 3/3
  1112 | D:2      | Reached skill level 6 in Polearms
  1193 | D:2      | Reached XP level 4. HP: 33/33 MP: 4/4
  1408 | D:3      | Found Momebbiq's Antique Weapon Boutique.
  1444 | D:3      | Identified the +2 robe of Foolhardiness {Rampage *Slow rF+
                  | Slay+6}
  1446 | D:3      | Found Ikkali's General Store.
  1501 | D:3      | Reached skill level 7 in Polearms
  1839 | D:3      | Found Ecvoat's Armour Shop.
  2108 | D:3      | Found Enalomea's Magic Scroll Shoppe.
  2335 | D:3      | Reached XP level 5. HP: 38/38 MP: 5/5
  2819 | D:4      | Noticed a black bear
  3266 | D:4      | Reached skill level 8 in Polearms
  3287 | D:4      | Noticed an ogre
  3303 | D:4      | Killed an ogre
  3304 | D:4      | Reached XP level 6. HP: 23/44 MP: 6/6
  3631 | D:4      | Noticed Pikel
  3658 | D:4      | Killed Pikel
  3659 | D:4      | Reached skill level 10 in Polearms
  3659 | D:4      | Reached skill level 1 in Armour
  3659 | D:4      | Reached XP level 7. HP: 8/50 MP: 7/7
  4010 | D:5      | Entered Level 5 of the Dungeon
  4010 | D:5      | Found a staircase to the Ecumenical Temple.
  4027 | D:5      | Reached skill level 11 in Polearms
  4139 | Temple   | Entered the Ecumenical Temple
  4174 | Temple   | Became a worshipper of Qazlal Stormbringer
  4252 | D:5      | Found a bloodstained altar of Trog.
  4306 | D:5      | Reached XP level 8. HP: 54/56 MP: 8/8
  4634 | D:5      | Found a sacrificial altar of Ru.
  4692 | D:5      | Reached skill level 12 in Polearms
  5159 | D:5      | Found a burning altar of Makhleb.
  5507 | D:6      | Reached skill level 13 in Polearms
  5618 | D:6      | Found Ezunt's Book Shop.
  5925 | D:6      | Slain by a killer bee

Illustrated notes

Levels and vault maps discovered:
D:1:      dpeg_arrival_round_c, layout_loops_ring
D:2:      layout_basic, minmay_pentomino_w4
D:3:      layout_basic, serial_shops, shop, nicolae_shop_advertising_works
          [nicolae_subvault_shop_adworks], shop, nicolae_shop_stone
D:4:      layout_basic, palyth_stone_intersect, uniq_pikel
D:5:      layout_gridville, old_standard_altar,
          mainiacjoe_overflow_surrounded_room, lemuel_coloured_pillars_altar,
          minmay_temple_entry_tees, kennysheep_decorative_pillar,
          nicolae_elevator_lobby_plus
D:6:      layout_cave_pools, lemuel_doored_altar, serial_shops,
          nicolae_shop_hallway_plus
Temple:   mainiacjoe_temple_bowtie_tessellation

Skill      XL: |  1  2  3  4  5  6  7  8 |
---------------+-------------------------+-----
Polearms       | 5 6 7 8 10 11 13 | 13.4
Armour         | 1 |  1.0
Shields        | 2 |  2.0
Fighting       | 3 |  3.0
Throwing       | |  2.0
Dodging        | |  4.0

Action                   |  1- 3 |  4- 6 |  7- 9 || total
-------------------------+-------+-------+-------++-------
Melee: Trident           |   100 |   197 |   156 ||   453
       Punch             |       |     1 |       ||     1
Throw: Boomerang         |       |     3 |    17 ||    20
  Use: Scroll            |     6 |     3 |     4 ||    13
       Potion            |       |     1 |     1 ||     2
Armor: Chain mail        |    44 |    79 |    59 ||   182
Dodge: Dodged            |    24 |    59 |    37 ||   120
Block: Buckler           |       |     8 |    25 ||    33

Table legend: (Time is in decaauts)
 A = Elapsed time spent in this place.
 B = Non-inter-level travel time spent in this place.
 C = Inter-level travel time spent in this place.
 D = Time resting spent in this place.
 E = Time spent auto-exploring this place.
 F = Levels seen in this place.
 G = Mean time per level.
                   A        B        C        D        E       F      G
               +--------+--------+--------+--------+--------+-----+--------+
         Total |   5880 |   5720 |    160 |    819 |   4017 |   7 |  840.0 |
       Dungeon |   5826 |   5684 |    142 |    819 |   3990 |   6 |  971.0 |
        Temple |     53 |     35 |     18 |      0 |     27 |   1 |   53.0 |
               +--------+--------+--------+--------+--------+-----+--------+

Top non-repeatable levels by time:
     D:4: 1515 daAuts
     D:5: 1409 daAuts
     D:3: 1094 daAuts
     D:1: 819 daAuts
     D:2: 575 daAuts
     D:6: 412 daAuts
  Temple: 53 daAuts
